[Event "Late-Titled-Tuesday-Blitz-April-02-2024"]
[Site "Chess.com"]
[Date "2024.04.02"]
[Round "1"]
[White "kleber2007"]
[Black "Aygehovit1992"]
[Result "0-1"]
[WhiteElo "2484"]
[BlackElo "2867"]
[TimeControl "180+1"]
[EndTime "14:07:43 PDT"]
[Termination "Aygehovit1992 won by resignation"]

1. Nf3 Nf6 2. g3 g6 3. b3 Bg7 4. Bb2 c5 5. c4 d6 6. Bg2 e5 7. Nc3 Nc6 8. O-O O-O 9. d3 Bg4 10.
Ne1 Qd7 11. Nc2 h5 12. Ne3 Bh3 13. Ncd5 Rae8 14. Nxf6+ Bxf6 15. Nd5 Bg7 16. e4 h4 17. f3 hxg3 18. hxg3 f6 19. Qd2 Kf7 20. Bxh3 Qxh3 21.
Qg2 Rh8 22. Qxh3 Rxh3 23. Kg2 Reh8 24. Rh1 Rxh1 25. Rxh1 Rxh1 26. Kxh1 f5 27. Kg2 Bh6 28. Kf2 a6 29. Bc3 b5 30. cxb5 axb5 31. a4 b4 32. Bb2 Na5 33. Nb6 Nxb3 34. Nc4 Ke6 35. a5 Kd7 36. exf5 gxf5 37. g4 fxg4 38. fxg4 Nd2 39.
a6 Nxc4 40. dxc4 Kc7 41. Kf3 Kb6 42. Ke4 Kxa6 43. Kf5 Kb7 44. g5 Bxg5 45. Kxg5 Kc6 46. Kf5 d5 47. Kxe5 dxc4 48. Ke4 Kb5 49. Be5 Ka4 50.
Kd5 c3 51. Kxc5 c2 52. Bb2 Kb3 53. Bc1 Kc3 54. Bg5 b3 55. Bf6+ Kd2 56. Bg5+ Kd1 0-1

[Event "Late-Titled-Tuesday-Blitz-April-02-2024"]
[Site "Chess.com"]
[Date "2024.04.02"]
[Round "1"]
[White "TanitoluwaAps116"]
[Black "Klendi"]
[Result "1-0"]
[WhiteElo "2813"]
[BlackElo "2452"]
[TimeControl "180+1"]
[EndTime "14:07:44 PDT"]
[Termination "TanitoluwaAps116 won on time"]

1. e4 e5 2. Nf3 Nc6 3. Nc3 Nf6 4. Bb5 Bb4 5. O-O O-O 6. Bxc6 dxc6 7. d3 Nd7 8. Ne2 f6 9. Be3 Rf7 10. a3 Bf8 11. Ng3 Nc5 12. b3 Ne6 13. Qd2 c5 14. b4 c4 15. dxc4 Qe8 16. Rfd1 Qa4 17. Qc3 c5 18. bxc5 Bd7 19. Rab1 Bc6 20. Rd5 Rc7 21.
Qb4 Qxc2 22. Rd2 Qa4 23. Nf5 a5 24. Qxa4 Bxa4 25. Nd6 Nxc5 26. Bxc5 Rxc5 27. Nxb7 Rxc4 28. Nd6 Rc2 29. Rxc2 Bxc2 30. Rc1 Bxd6 31. Rxc2 Bxa3 32. Nd2 Bb4 33. Nc4 Rc8 34. Ne3 Ra8 35. Ra2 a4 36. Kf1 a3 37. Ke2 Rd8 38. f3 Rc8 39. Nc2 Bc5 40.
Kd3 Rb8 41. Kc3 Bd6 42. Nxa3 Rc8+ 43. Nc4 1-0

[Event "Late-Titled-Tuesday-Blitz-April-02-2024"]
[Site "Chess.com"]
[Date "2024.04.02"]
[Round "1"]
[White "SmirnovTimofey2000"]
[Black "Switzerlamb"]
[Result "0-1"]
[WhiteElo "1943"]
[BlackElo "2552"]
[TimeControl "180+1"]
[EndTime "14:07:44 PDT"]
[Termination "Switzerlamb won on time"]

1. e4 c5 2. c3 d5 3. exd5 Qxd5 4. d4 Nf6 5. Nf3 Bg4 6. dxc5 Qxd1+ 7. Kxd1 e5 8. b4 e4 9. h3 Bh5 10. g4 Nxg4 11.
hxg4 Bxg4 12. Kc2 Bxf3 13. Rg1 Nc6 14. Nd2 g6 15. Nxf3 exf3 16. Bf4 O-O-O 17. Rg3 Bg7 18.
Rxf3 Nxb4+ 19. Kb3 Nd5 20. Bg3 f5 21. Bc4 Rhe8 22.
Bh4 Bf6 23. Bxd5 Bxh4 24. Rd1 Be7 25. Rfd3 Kc7 26. Kc4 Bf8 27. Bg8 Rxd3 28. Rxd3 Re5 29. Bxh7 Rxc5+ 30. Kb3 g5 31. c4 Re5 32. Bg8 Bc5 33.
f3 Re2 34. Bd5 Bd6 35. a4 a5 36. Rd1 Be5 37. Rb1 b6 38. Ka3 Bd6+ 39. Kb3 Bc5 40. Kc3 Re3+ 41. Kd2 Ra3 42. Rh1 Rxa4 43. Rh7+ Kd6 44.
Rh6+ Ke5 45. Re6+ Kf4 46. Re8 Ra2+ 0-1

[Event "Late-Titled-Tuesday-Blitz-April-02-2024"]
[Site "Chess.com"]
[Date "2024.04.02"]
[Round "1"]
[White "MarceloPlaya"]
[Black "FrankDux44"]
[Result "0-1"]
[WhiteElo "2384"]
[BlackElo "2689"]
[TimeControl "180+1"]
[EndTime "14:07:46 PDT"]
[Termination "FrankDux44 won on time"]

1. e4 c5 2. Nf3 d6 3. d4 cxd4 4. Nxd4 Nf6 5. Nc3 g6 6. Be3 Bg7 7. Bc4 O-O 8. f3 Nc6 9. Qd2 Bd7 10. O-O-O Rc8 11. Bb3 Ne5 12. h4 h5 13. g4 hxg4 14.
h5 Nxh5 15. Bh6 Kh7 16. Bxg7 Kxg7 17. Nf5+ Bxf5 18. exf5 Nxf3 19. Qg2 Nf6 20. Nd5 gxf5 21. Nxf6 exf6 22. Qxf3 Qa5 23. Qf4 Rh8 24. Qxd6 Qe5 25. Qd7 Rc7 26. Qd2 Rxh1 27. Rxh1 f4 28. Qh2 Kf8 29. Qh8+ Ke7 30. Rd1 Rd7 31. Qh1 Rxd1+ 32. Qxd1 f3 33. Qd2 Qg5 34. Kd1 Qxd2+ 35. Kxd2 f5 36.
Ke3 Kf6 37. Bd5 Ke5 38. Bxb7 f4+ 39. Kf2 f5 0-1

[Event "Late-Titled-Tuesday-Blitz-April-02-2024"]
[Site "Chess.com"]
[Date "2024.04.02"]
[Round "1"]
[White "LuisFSiles"]
[Black "IMRosen"]
[Result "0-1"]
[WhiteElo "2348"]
[BlackElo "2648"]
[TimeControl "180+1"]
[EndTime "14:07:46 PDT"]
[Termination "IMRosen won by resignation"]

1. e4 c5 2. Nf3 Nc6 3. d4 cxd4 4. Nxd4 g6 5. c4 Nf6 6. Nc3 d6 7. Be2 Nxd4 8. Qxd4 Bg7 9. Be3 O-O 10. Qd2 a5 11.
O-O a4 12. Rac1 Qa5 13. f3 Be6 14. Nd5 Qxd2 15. Nxe7+ Kh8 16. Bxd2 Rfe8 17. Nd5 Nxd5 18. cxd5 Bxd5 19. Bb5 Bc6 20. Bxc6 bxc6 21. Rxc6 Reb8 22. Bc3 Bxc3 23. bxc3 Rb2 24. Rf2 Rb1+ 25. Rf1 Rb2 26. Rf2 a3 27. Rxd6 Rb1+ 28. Rf1 Rb2 29. Rf2 Rab8 30.
Rdd2 Rb1+ 31. Rf1 R1b2 32. Rfd1 Kg7 33. Kf2 Kf6 34. Ke3 g5 35. g3 h5 36. f4 g4 37.
Rd6+ Kg7 38. R1d2 Rb1 39. f5 Rf1 40. Rd7 Rf3+ 41. Kd4 Rb2 42. Ke5 Rf2 43. f6+ Kg6 44. Rxf2 Rxf2 45. Kd4 Rd2+ 46. Kc4 Rxd7 47. Kb3 Kxf6 48.
e5+ Kxe5 49. Kxa3 Rb7 50. c4 Kd4 51. c5 Kxc5 0-1

[Event "Late-Titled-Tuesday-Blitz-April-02-2024"]
[Site "Chess.com"]
[Date "2024.04.02"]
[Round "1"]
[White "Practical-Play"]
[Black "GMKrikor"]
[Result "0-1"]
[WhiteElo "2486"]
[BlackElo "2884"]
[TimeControl "180+1"]
[EndTime "14:07:47 PDT"]
[Termination "GMKrikor won on time"]

1. e4 c5 2. c3 Nf6 3. e5 Nd5 4.
d4 cxd4 5. Nf3 Nc6 6. Bc4 Nb6 7. Bb3 d5 8. exd6 Qxd6 9. O-O Be6 10. Na3 dxc3 11. Qe2 Bxb3 12. Nb5 Qb8 13. axb3 e6 14. g3 e5 15. Be3 cxb2 16. Qxb2 Nd5 17. Rfe1 f6 18.
Rad1 Nxe3 19. Rxe3 Be7 20. Qc2 a6 21. Nc3 O-O 22.
Nd5 Bd8 23. h4 Qc8 24. h5 Qe6 25. Nh4 Rc8 26. Qf5 Qxf5 27. Nxf5 Rb8 28. Re4 Kf7 29. Nd6+ Ke6 30. Ne3 Be7 31. Ndf5 g6 32. Nh4 Rg8 33. f4 Rbd8 34. Rf1 Rd4 35. Rxd4 Nxd4 36. Neg2 Nxb3 37. f5+ gxf5 38. Nxf5 Bc5+ 39. Kh2 Nd4 40.
Nh6 Rc8 41. Ng4 Be7 42. Re1 Nf3+ 43. Kh3 Nxe1 44. Nxe1 f5 45. Nf2 Bg5 46. Nf3 Be3 0-1

[Event "Late-Titled-Tuesday-Blitz-April-02-2024"]
[Site "Chess.com"]
[Date "2024.04.02"]
[Round "1"]
[White "AmanteDeMoi"]
[Black "grandcoach"]
[Result "1-0"]
[WhiteElo "2581"]
[BlackElo "2215"]
[TimeControl "180+1"]
[EndTime "14:07:47 PDT"]
[Termination "AmanteDeMoi won by resignation"]

1. Nf3 c5 2. e3 e5 3. Nxe5 Bd6 4. Nf3 Nf6 5. c4 O-O 6. Nc3 Nc6 7. Be2 Re8 8. O-O Qe7 9. d4 Ne4 10. Nxe4 Qxe4 11. Bd3 Qg4 12. h3 Qh5 13. d5 Ne5 14.
Nxe5 Qxe5 15. f4 Qe7 16. e4 f6 17. Qh5 g6 18. Qf3 b5 19. cxb5 a6 20. Re1 axb5 21.
Bxb5 Ba6 22. Bxa6 Rxa6 23. b3 g5 24. e5 fxe5 25. fxe5 Bxe5 26. Bb2 Qg7 27. Bxe5 Rxe5 28. a4 Rf6 29. Qg3 Rxd5 30. Re8+ Rf8 31. Rxf8+ Qxf8 32. Rf1 Qe7 33. Qf3 Re5 34. Qa8+ Kg7 35. Qf3 d5 36. a5 d4 37. a6 Re6 38. a7 Qxa7 39. Qf8+ Kg6 40. Qf5+ Kg7 41. Qxe6 1-0

[Event "Late-Titled-Tuesday-Blitz-April-02-2024"]
[Site "Chess.com"]
[Date "2024.04.02"]
[Round "1"]
[White "AlexandreHouhou"]
[Black "Elprofessor21"]
[Result "1-0"]
[WhiteElo "2371"]
[BlackElo "2635"]
[TimeControl "180+1"]
[EndTime "14:07:49 PDT"]
[Termination "AlexandreHouhou won by resignation"]

1. e4 c5 2. Nf3 d6 3. d4 cxd4 4. Nxd4 Nf6 5. Nc3 a6 6. Be2 e5 7. Nf3 Be7 8. Bg5 Nbd7 9. Qd2 O-O 10. O-O b5 11. Nd5 Nc5 12. Bxf6 Bxf6 13. Qe3 Bb7 14. Rfd1 Rc8 15. Rd2 Bxd5 16. Rxd5 Qc7 17. Rad1 Rfd8 18. b3 b4 19. Bc4 a5 20. h4 h6 21. g4 Ne6 22. g5 hxg5 23. hxg5 Be7 24. g6 Nf4 25. gxf7+ Kf8 26. R5d2 Qd7 27. Nxe5 Qh3 28.
Qxf4 dxe5 29. Rxd8+ Rxd8 30. Rxd8+ Bxd8 31. Qf5 Qxf5 32. exf5 Bb6 33. Kg2 Ke7 34. Kf3 Bc5 35. Ke4 Bxf2 36. Kxe5 Be1 37. Kd5 Bf2 38. Kc6 Be3 39. Kb5 Bd2 40. Kxa5 Kf8 41. Ka4 Bc3 42. a3 bxa3 43.
Kxa3 Be5 44. Ka4 Bd6 45. b4 Ke7 46. b5 Kf6 47. b6 Ke7 48. Kb5 g5 49. fxg6 Kf8 50.
Kc6 1-0

[Event "Late-Titled-Tuesday-Blitz-April-02-2024"]
[Site "Chess.com"]
[Date "2024.04.02"]
[Round "1"]
[White "cthake"]
[Black "HeroWilczek"]
[Result "0-1"]
[WhiteElo "1809"]
[BlackElo "2548"]
[TimeControl "180+1"]
[EndTime "14:07:50 PDT"]
[Termination "HeroWilczek won by resignation"]

1. e4 d5 2. exd5 Nf6 3. d4 Bg4 4. Nf3 Nxd5 5. Be2 e6 6. O-O Be7 7. h3 Bh5 8. c4 Nf6 9. Nc3 O-O 10. Bf4 Nbd7 11. Qd2 c6 12. a3 Bg6 13. b4 a5 14.
Ne5 axb4 15. axb4 Bxb4 16. Nxg6 hxg6 17. Rxa8 Qxa8 18. Qb2 Bxc3 19. Qxc3 Ne4 20. Qb3 g5 21. Be3 f5 22. Bd3 Ndf6 23. d5 cxd5 24. cxd5 Nxd5 25. Bxe4 fxe4 26. Bxg5 Qa6 27. Rb1 Qe2 28. Bh4 b6 29. Qg3 Qd3 30. Rb3 Qxg3 31. Bxg3 Rc8 32. Be5 Rc4 33. Kf1 Kf7 34. Rb2 g6 35. Ke2 Ra4 36. f3 exf3+ 37. Kxf3 Ke7 38. Kf2 Kd7 39. Rc2 b5 40. g4 b4 41. Rc4 Ra2+ 42. Kf3 b3 43.
Rc1 Nb4 44. h4 Ke7 45. h5 gxh5 46. gxh5 Nd3 47. Rd1 Nxe5+ 48. Ke4 Nf7 49. Kd4 Rh2 50.
Kc3 Rxh5 51. Kxb3 Rd5 52. Re1 Kd6 53. Kc4 Ne5+ 54. Kb4 Nd3+ 0-1

[Event "Late-Titled-Tuesday-Blitz-April-02-2024"]
[Site "Chess.com"]
[Date "2024.04.02"]
[Round "1"]
[White "AllStarShark"]
[Black "dropstoneDP"]
[Result "1/2-1/2"]
[WhiteElo "2526"]
[BlackElo "2975"]
[TimeControl "180+1"]
[EndTime "14:07:53 PDT"]
[Termination "Game drawn by repetition"]

1. c4 e5 2. g3 c6 3. d4 e4 4. Nc3 d5 5. Bg2 Bb4 6. Qb3 Na6 7. cxd5 cxd5 8. a3 Bxc3+ 9. Qxc3 Nf6 10. Bg5 O-O 11.
Nh3 h6 12. Bxf6 Qxf6 13. Nf4 Qd6 14. Qb3 Nc7 15. e3 Bd7 16. O-O Bc6 17. Rfc1 Rfe8 18. Rc5 Ne6 19. Nxe6 fxe6 20. Rac1 Rf8 21. Bf1 Rf7 22. Bb5 Bxb5 23. Qxb5 Raf8 24. R1c2 Kh7 25. Rc8 Rxf2 26. Rxf2 Rxc8 27. Qxb7 Rc7 28. Qb5 e5 29. Qe8 exd4 30. Rf8 Rc1+ 31. Kg2 Rc2+ 32. Kg1 Rc1+ 33.
Kg2 Rc2+ 34. Kh3 Qxf8 35. Qxf8 dxe3 36. Qf5+ Kh8 37. Qxd5 e2 38. Qxe4 Rxb2 39. a4 Ra2 40. Kg4 Rxa4 41. Qxa4 e1=Q 42. Qxa7 Qe6+ 43. Kf3 Qh3 44.
Qb8+ Kh7 45. Qb1+ Kg8 46. Qb8+ Kh7 47. Qb1+ Kg8 48. Qb8+ Kf7 49. Qc7+ Kg8 50. Qb8+ 1/2-1/2

[Event "Late-Titled-Tuesday-Blitz-April-02-2024"]
[Site "Chess.com"]
[Date "2024.04.02"]
[Round "1"]
[White "Happy1712Drummer"]
[Black "bascheyaro"]
[Result "0-1"]
[WhiteElo "2456"]
[BlackElo "2822"]
[TimeControl "180+1"]
[EndTime "14:07:55 PDT"]
[Termination "bascheyaro won on time"]

1. d4 d5 2. c4 c6 3. Nf3 Nf6 4.
e3 Bf5 5. Nc3 e6 6. Bd3 Bxd3 7.
Qxd3 Nbd7 8. O-O Bd6 9. e4 dxe4 10. Nxe4 Nxe4 11. Qxe4 Nf6 12. Qe2 h6 13. b3 O-O 14.
Bb2 Qe7 15. Ne5 Rad8 16. Rad1 a6 17. f4 c5 18. dxc5 Bxc5+ 19. Kh1 Rxd1 20. Rxd1 Rd8 21. g3 b5 22. Rxd8+ Qxd8 23. cxb5 Qd5+ 24. Nf3 axb5 25.
Kg2 Ng4 26. Bc1 b4 27. h3 Nf2 28. Qc4 Qd6 29. Bb2 Nd3 30. Bd4 Ne1+ 31. Nxe1 Bxd4 32. Nd3 Bc3 33. a4 Qb6 34. Qe4 g6 35. h4 h5 36.
Nc1 Kg7 37. Ne2 Qc5 38. Nc1 Bf6 39. Nd3 Qc2+ 40. Kf3 Qxb3 41. a5 Qa3 42. a6 b3 43.
Qb7 b2 44. Ke4 Qxa6 45. Qxa6 b1=Q 0-1

[Event "Late-Titled-Tuesday-Blitz-April-02-2024"]
[Site "Chess.com"]
[Date "2024.04.02"]
[Round "1"]
[White "ExtremeLearner"]
[Black "Agustin_Meza"]
[Result "1-0"]
[WhiteElo "2566"]
[BlackElo "2137"]
[TimeControl "180+1"]
[EndTime "14:07:55 PDT"]
[Termination "ExtremeLearner won by resignation"]

1. e4 e6 2. d4 d5 3. e5 c5 4.
c3 Nc6 5. Nf3 Qb6 6. Bd3 cxd4 7.
O-O Bd7 8. Re1 Nge7 9. Nbd2 Rc8 10. Nb3 dxc3 11. bxc3 a6 12. Be3 Qc7 13. Bc5 Ng6 14. Bxg6 hxg6 15. Bxf8 Kxf8 16. Qd2 Na5 17. Nbd4 Nc4 18.
Qf4 Kg8 19. h4 Ba4 20. Re2 Qe7 21. Ng5 Be8 22. Rb1 Na3 23. Rb3 Nb5 24. Re3 Nxd4 25.
cxd4 Bb5 26. Rf3 Rc7 27. Rbc3 Bc6 28. g3 Be8 29. Rxc7 Qxc7 30. Kg2 b5 31. Qd2 Qe7 32.
Re3 Bd7 33. Qc2 Qd8 34. Rc3 f6 35. exf6 Qxf6 36. Rc7 Be8 37. Rc8 Kf8 38. Qc5+ Qe7 39. Nxe6+ Kf7 40. Ng5+ Kf6 41. Qxd5 Bf7 42. Rc6+ 1-0

[Event "Late-Titled-Tuesday-Blitz-April-02-2024"]
[Site "Chess.com"]
[Date "2024.04.02"]
[Round "1"]
[White "Groetzi"]
[Black "Bykov_Egor"]
[Result "1-0"]
[WhiteElo "2370"]
[BlackElo "2608"]
[TimeControl "180+1"]
[EndTime "14:07:57 PDT"]
[Termination "Groetzi won by resignation"]

1. e4 c5 2. Nf3 e6 3. d4 cxd4 4.
Nxd4 Nf6 5. Nc3 Nc6 6. Ndb5 Bc5 7. Bf4 O-O 8. Be2 e5 9. Bg5 a6 10. Nd6 Nd4 11. Nxc8 Rxc8 12. O-O h6 13. Bxf6 Qxf6 14. Nd5 Qg5 15. c3 Ne6 16. Kh1 f5 17. exf5 Rxf5 18. Bf3 Rcf8 19. Qe2 e4 20. Qxe4 Bd6 21. Rad1 Re5 22.
Qc4 Rxf3 23. gxf3 Qh5 24. Qg4 Qf7 25. Rg1 Rg5 26. Qh3 Rf5 27. Nf6+ Qxf6 28. Rxd6 Rxf3 29. Qg2 Rxf2 30. Qg3 Rf3 31. Qg2 Rf5 32. Rxd7 Rg5 33. Qd5 Rxg1+ 34. Kxg1 Qg6+ 35. Kf2 Kh8 36. Rd6 Qc2+ 37.
Kg3 Ng5 38. Rd8+ Kh7 39. Qd3+ Ne4+ 40. Kf3 Qxd3+ 41. Rxd3 Nc5 42. Rd5 Na4 43. Rd2 Nb6 44. Kg4 Nc4 45. Re2 Nd6 46. b3 Kg6 47. c4 Kf6 48. h4 g6 49. Rd2 Ne4 50. Re2 Nc5 51. Rd2 Ke5 52. Rd5+ 1-0

[Event "Late-Titled-Tuesday-Blitz-April-02-2024"]
[Site "Chess.com"]
[Date "2024.04.02"]
[Round "1"]
[White "vova-79"]
[Black "BillCoe"]
[Result "1-0"]
[WhiteElo "2565"]
[BlackElo "2120"]
[TimeControl "180+1"]
[EndTime "14:07:59 PDT"]
[Termination "vova-79 won by resignation"]

1. d4 d5 2. c4 e6 3. Nc3 Be7 4. Nf3 Nf6 5. Bf4 O-O 6. e3 b6 7. cxd5 exd5 8. Bd3 Bb7 9. O-O Nbd7 10. Ne5 c5 11.
Qf3 cxd4 12. exd4 Re8 13. Qh3 Nf8 14. Rfe1 Ng6 15. Bg3 Bb4 16. Bb5 Re7 17. Nc6 Bxc6 18. Bxc6 Rxe1+ 19. Rxe1 Bxc3 20. bxc3 Rc8 21. Bb5 Rxc3 22.
Qf5 Ne4 23. f3 Ne7 24. Qe5 Ng6 25. Qb8 Qxb8 26. Bxb8 Nf6 27. Bxa7 Ra3 28. Bxb6 Rxa2 29. Bc5 h6 30. g3 Ra5 31. Bd3 Ra3 32. Be2 Re3 33.
Kf2 Re8 34. Ra1 Nd7 35. Bb5 Rd8 36. Ra7 Nf6 37. Bc6 Nf8 38. Ra8 Rxa8 39. Bxa8 Ne6 40. Ke3 g5 41. Bd6 Kg7 42. Be5 Kg6 43. Bxf6 Kxf6 44.
Bxd5 Nc7 45. Ke4 Nb5 46. Bc4 Nc3+ 47. Kd3 Na4 48. Bb5 Nb6 49. Bc6 Ke6 50. Be4 f5 51. Bc6 Kd6 52. Bb5 Nd5 53. Bc4 Nf6 54.
Ke3 Nd7 55. Bd3 Ke6 56. h4 Kf6 57. hxg5+ hxg5 58. Bc4 Nb6 59. Kd3 Nd7 60. Kc3 Nb6 61. Kb4 Nd7 62. Kb5 Nf8 63. Kc5 Ng6 64. d5 Ne5 65.
Be2 Ke7 66. d6+ Kd8 67. Kd5 Nd7 68. Ke6 f4 69. g4 Nc5+ 70. Kf5 Kd7 71. Kxg5 Kxd6 72.
Kxf4 Ne6+ 73. Ke4 Ng5+ 74. Ke3 Ke6 75. f4 Nf7 76. Bc4+ 1-0

[Event "Late-Titled-Tuesday-Blitz-April-02-2024"]
[Site "Chess.com"]
[Date "2024.04.02"]
[Round "1"]
[White "Sina_Movahed"]
[Black "DeArron_Fox"]
[Result "1/2-1/2"]
[WhiteElo "2981"]
[BlackElo "2529"]
[TimeControl "180+1"]
[EndTime "14:08:03 PDT"]
[Termination "Game drawn by repetition"]

1. Nf3 d5 2. c4 e6 3. g3 Nf6 4.
Bg2 Be7 5. O-O O-O 6. d4 c6 7.
Qc2 b6 8. Nbd2 Ba6 9. a4 c5 10. b3 Nc6 11. Bb2 Rc8 12. Rad1 cxd4 13. Nxd4 Nxd4 14.
Bxd4 dxc4 15. Nxc4 Qc7 16. Rc1 Bxc4 17. bxc4 Nd7 18.
Rfd1 Bf6 19. e3 g6 20. Qb2 Be5 21. Qb5 Rfd8 22. h4 h5 23. Bf3 Nc5 24. Kg2 a6 25. Qb4 Bd6 26. Qb1 Rb8 27. Rc2 Nxa4 28. g4 hxg4 29.
Bxg4 e5 30. Ba1 Nc5 31. Bf3 e4 32. Bg4 Be5 33. Rcd2 Rxd2 34. Rxd2 Bxa1 35. Qxa1 Rd8 36. Rd5 Rxd5 37. cxd5 Qd6 38. Qd4 a5 39. h5 gxh5 40.
Bxh5 a4 41. Be2 a3 42. Bc4 Qg6+ 43. Kf1 Qh5 44. d6 Qh1+ 45. Ke2 Qf3+ 46. Ke1 Qh1+ 47. Kd2 Qb1 48. d7 Nxd7 49. Qxd7 Qb2+ 50. Kd1 Qb1+ 51.
Kd2 Qb2+ 52. Kd1 Qb1+ 53. Kd2 1/2-1/2

[Event "Late-Titled-Tuesday-Blitz-April-02-2024"]
[Site "Chess.com"]
[Date "2024.04.02"]
[Round "1"]
[White "AlivodicDario"]
[Black "yobdc"]
[Result "1-0"]
[WhiteElo "2293"]
[BlackElo "2588"]
[TimeControl "180+1"]
[EndTime "14:08:05 PDT"]
[Termination "AlivodicDario won on time"]

1. d4 Nf6 2. c4 g6 3. Nc3 Bg7 4. e4 d6 5. Nge2 O-O 6. Ng3 h5 7. Be2 c5 8. d5 b5 9. cxb5 h4 10. Nf1 a6 11. Bg5 axb5 12. Bxb5 h3 13. g3 Nxe4 14.
Nxe4 Qa5+ 15. Nc3 Bxc3+ 16. bxc3 Qxb5 17. Ne3 Ba6 18. c4 Qb4+ 19. Qd2 f6 20. Bh6 Rc8 21. Rc1 Kh7 22. Rc3 Qb1+ 23. Rc1 Qe4 24. O-O g5 25.
Rce1 Qf3 26. Qd3+ Kh8 27. Qg6 Rg8 28. Qf7 Nd7 29. g4 Ne5 30. Qh5 Rg6 31. Bf8+ Kg8 32.
Bxe7 Bxc4 33. Bxd6 Rg7 34. Bxe5 fxe5 35. Rd1 Bxf1 36.
Kxf1 Rf8 37. Rd2 Qh1+ 38. Ke2 Qxh2 39. d6 Qh1 40. d7 Rd8 41. Qh6 Qb7 42. Qe6+ Rf7 43.
Nf5 Rxd7 44. Qg6+ Kf8 45. Qh6+ Ke8 46. Qh8+ Rf8 47. Qxe5+ Kd8 48. Rxd7+ Qxd7 49. Qb8+ Qc8 50. Qd6+ Qd7 51. Qxf8+ Qe8+ 52. Qxe8+ Kxe8 53. Kf3 c4 54. Kg3 c3 55. Ne3 1-0

[Event "Late-Titled-Tuesday-Blitz-April-02-2024"]
[Site "Chess.com"]
[Date "2024.04.02"]
[Round "1"]
[White "TERMINATOR_PC"]
[Black "remyrushbrooke"]
[Result "1-0"]
[WhiteElo "2588"]
[BlackElo "2244"]
[TimeControl "180+1"]
[EndTime "14:08:05 PDT"]
[Termination "TERMINATOR_PC won on time"]

1. e4 g6 2. d4 Bg7 3. Nc3 d6 4.
Be3 a6 5. Qd2 b5 6. h4 h6 7. O-O-O Bb7 8. Bd3 Nd7 9. f4 h5 10.
Nf3 Ngf6 11. Ng5 O-O 12. e5 dxe5 13. fxe5 Ng4 14. e6 Nxe3 15. Qxe3 c5 16. dxc5 Ne5 17. exf7+ Kh8 18. Bxg6 Qc8 19. Qe2 Qg4 20. Bxh5 Qxe2 21.
Bxe2 Nxf7 22. Ne6 Rg8 23. Nxg7 Rxg7 24. Bf3 Bxf3 25. gxf3 Ne5 26. f4 Nc4 27. b3 Ne3 28.
Rde1 Nf5 29. Ne4 Rc8 30. Ng5 Rxc5 31. Ne6 Rc3 32. Nxg7 Kxg7 33. Kb2 b4 34. Re4 a5 35.
Rg1+ Kf6 36. h5 e6 37. Rg6+ Kf7 38. Rgxe6 Nd4 39. Rxd4 Kxe6 40. Re4+ Kf5 41. Re5+ Kxf4 42. Rxa5 Rh3 43. Rb5 Ke3 44. Rxb4 Rxh5 45. a4 Ra5 46.
Rb5 Ra8 47. c4 Kd4 48. Rd5+ Ke4 49. Kc3 Rh8 50. a5 Ra8 51. Kb4 Rb8+ 52. Rb5 Ra8 53.
Rb6 Ra7 54. c5 Kd4 55. Rd6+ Ke4 56. Kb5 Rb7+ 57. Rb6 Rc7 58. b4 Kd4 59. Rd6+ Ke5 60. a6 Rc8 61. Rb6 Kd5 62. Rb7 Ke6 63. c6 Ra8 64. Kb6 Kd6 65. b5 1-0

[Event "Late-Titled-Tuesday-Blitz-April-02-2024"]
[Site "Chess.com"]
[Date "2024.04.02"]
[Round "1"]
[White "esrosenberg"]
[Black "Kirill_Klukin"]
[Result "0-1"]
[WhiteElo "2452"]
[BlackElo "2812"]
[TimeControl "180+1"]
[EndTime "14:08:07 PDT"]
[Termination "Kirill_Klukin won by resignation"]

1. d4 Nf6 2. c4 Nc6 3. Nf3 e6 4. a3 d6 5. Nc3 g6 6. g3 Bg7 7.
Bg2 O-O 8. O-O e5 9. d5 Nb8 10.
b4 a5 11. Bb2 Na6 12. Qb3 Bd7 13. Nd2 Qe7 14. h4 Rfc8 15. Nde4 Nxe4 16. Nxe4 b6 17. f4 Bf5 18. fxe5 Bxe5 19. Bxe5 Qxe5 20. Qf3 axb4 21. axb4 Qxe4 22. Qxe4 Bxe4 23. Bxe4 Nxb4 24. Rab1 Na6 25. g4 Nc5 26. Bd3 Ra3 27. Rf3 Re8 28. Rbf1 Re7 29. g5 Kg7 30. Kg2 Nd7 31. Kg3 Ne5 32.
Re3 h5 33. Rf6 Re8 34. Kg2 Rea8 35. Kg3 Ng4 36. Re7 Nxf6 37. gxf6+ Kxf6 38. Rxc7 Rd8 39.
Rc6 Rb3 40. Kf4 Ke7 41. Kg5 Rb2 42. Rc7+ Rd7 43. Rc8 Ra7 44. Kh6 Rba2 45. Kg7 Ra1 46. Rf8 Rf1 47. Rb8 Kd7 48. Rxb6 Rf4 49. Rc6 Rxh4 50.
Rb6 Rf4 51. Rb8 h4 52. Rh8 Kc7 53. Kg8 Ra8+ 54. Kg7 Rxh8 55. Kxh8 h3 0-1

[Event "Late-Titled-Tuesday-Blitz-April-02-2024"]
[Site "Chess.com"]
[Date "2024.04.02"]
[Round "1"]
[White "zsizsi99"]
[Black "KuzubovYuriy"]
[Result "0-1"]
[WhiteElo "2498"]
[BlackElo "2919"]
[TimeControl "180+1"]
[EndTime "14:08:08 PDT"]
[Termination "KuzubovYuriy won by resignation"]

1. e4 e6 2. d4 d5 3. exd5 exd5 4.
Nc3 c6 5. Bf4 Bd6 6. Qd2 Bxf4 7.
Qxf4 Qf6 8. Qd2 Bf5 9. O-O-O Nd7 10. f3 h5 11. Re1+ Ne7 12. Qe3 Qh6 13. f4 Qe6 14. Nf3 Qxe3+ 15. Rxe3 Kf8 16. Bd3 Bxd3 17. cxd3 Nf5 18.
Re2 Re8 19. Ne5 Nb6 20. Rhe1 Rd8 21. Nf3 f6 22. Nd1 Nc8 23. g3 Kf7 24. b4 Ncd6 25.
Nc3 Rd7 26. a4 Re8 27. Kc2 Rxe2+ 28. Rxe2 Re7 29. Rxe7+ Kxe7 30. b5 cxb5 31. axb5 Ke6 32. Kb3 Ne3 33. Na4 b6 34. Nc3 Ndf5 35. Kb2 h4 36.
gxh4 Ng2 37. Kc1 Nxf4 38. Kd2 Ng2 39. Ne2 Ngxh4 40. Nf4+ Kd6 41. Nxh4 Nxh4 42. Nh5 Nf5 43. Kc3 Ke6 44. Nf4+ Kd6 45. Nh5 Ke7 46. Nf4 Nd6 47. Nxd5+ Ke6 48. Nc7+ Kd7 49. Nd5 Nxb5+ 50. Kc4 Nd6+ 51.
Kb4 a5+ 52. Ka4 Kc6 53. Nf4 g5 54. Nh5 f5 55. Nf6 f4 56. d5+ Kc5 57. Nd7+ Kd4 58. Nxb6 f3 0-1

[Event "Late-Titled-Tuesday-Blitz-April-02-2024"]
[Site "Chess.com"]
[Date "2024.04.02"]
[Round "1"]
[White "WCM-Mexicana"]
[Black "profedechess93"]
[Result "0-1"]
[WhiteElo "2358"]
[BlackElo "2660"]
[TimeControl "180+1"]
[EndTime "14:08:08 PDT"]
[Termination "profedechess93 won on time"]

1. d4 d5 2. c4 c6 3. Nc3 Nf6 4. Nf3 dxc4 5. a4 Bf5 6. e3 e6 7. Bxc4 Bb4 8. O-O Nbd7 9. Bd2 Bg6 10. Qb3 a5 11. Rfe1 O-O 12. e4 Bh5 13. Ng5 Qe7 14.
e5 Nd5 15. Nge4 Rfd8 16. Ne2 Bxd2 17. Nxd2 Nb4 18. Ne4 Nb6 19. Nd6 Bg6 20. Nf4 Bc2 21. Qc3 Nxc4 22. Qxc4 h6 23. Re3 Bh7 24. Rg3 Nd5 25.
Nh5 Bg6 26. Rh3 Bxh5 27. Rxh5 Nf4 28. Rh3 Nxh3+ 29. gxh3 Qh4 30. Qc3 b5 31. Re1 bxa4 32. Re4 Qh5 33. Rg4 Rab8 34. Ne4 Kh8 35. Nd6 Rd7 36. Qxc6 Rbd8 37. Rg3 f5 38. Qxa4 Kh7 39. Qc2 Kg8 40. Qc4 Re7 41. Qa4 Kh7 42. Qxa5 Rdd7 43.
Qd2 Qh4 44. b4 f4 45. Rg4 Qxh3 46. Qxf4 Ra7 47. Qe4+ Kg8 0-1

[Event "Late-Titled-Tuesday-Blitz-April-02-2024"]
[Site "Chess.com"]
[Date "2024.04.02"]
[Round "1"]
[White "enriquebutti"]
[Black "Fh2411"]
[Result "0-1"]
[WhiteElo "2179"]
[BlackElo "2573"]
[TimeControl "180+1"]
[EndTime "14:08:08 PDT"]
[Termination "Fh2411 won by resignation"]

1. d4 d5 2. c4 c6 3. Nf3 Nf6 4. Nc3 a6 5. Ne5 b5 6. cxd5 cxd5 7. Bf4 e6 8. e3 Bd6 9. Bd3 O-O 10. O-O Bb7 11.
Bg5 h6 12. Bh4 Be7 13. f4 Ne4 14. Bxe7 Qxe7 15. Bxe4 dxe4 16. a4 b4 17. Ne2 Nd7 18. Nc1 Nf6 19. Nb3 Rfc8 20. Nc5 Bd5 21. Qd2 a5 22.
Rac1 Ne8 23. f5 exf5 24. Rxf5 Nf6 25. Rcf1 Rd8 26. Rxf6 gxf6 27. Ng4 Rd6 28. Qf2 f5 29. Qxf5 Rad8 30. Nf6+ Rxf6 31. Qxf6 Qxf6 32. Rxf6 Kg7 33. Ra6 f5 34. g3 Bc4 35. Rxa5 Rb8 36. Ra7+ Kf6 37. a5 b3 38. a6 Rb5 39. g4 Ra5 40.
gxf5 Kxf5 41. Kf2 Ra2 42. Rb7 Rxb2+ 43. Kg3 Ra2 44. Nxb3 Rxa6 45. Nc5 Ra3 46. Kf2 Ra2+ 47. Kg3 Re2 48. Rh7 Rxe3+ 49. Kh4 Kg6 50. Re7 Kf5 51. Rh7 Re2 52. Rxh6 Rxh2+ 0-1